 Dungeon Crawl Stone Soup version 0.28-a0-1506-g3893175d92 (webtiles) character file.

Game seed: 17578050145500109229

230 HallandMoats the Skirmisher (level 6, -2/53 HPs)
             Began as a Ghoul Fighter on Jan 14, 2022.
             Was a Follower of Nemelex Xobeh.
             Slain by a frilled lizard (3 damage)
             ... on level 3 of the Dungeon.
             The game lasted 00:02:31 (2860 turns).

HallandMoats the Skirmisher (Ghoul Fighter)         Turns: 2860, Time: 00:02:31

Health: -2/53      AC:  6    Str: 20    XL:     6   Next: 3%
Magic:  5/5        EV:  9    Int:  5    God:    Nemelex Xobeh [*.....]
Gold:   86         SH:  4    Dex:  8    Spells: 5/5 levels left

rFire   . . .      SeeInvis .   a - +0 long sword
rCold   + . .      Faith    .   c - +0 buckler
rNeg    + + +      Spirit   .   b - +0 scale mail
rPois   ∞          Reflect  .   (no helmet)
rElec   .          Harm     .   (no cloak)
rCorr   .          Rampage  .   (no gloves)
Will    .....                   (no boots)
Stlth   ..........              (no amulet)
HPRegen 0.00/turn               (no ring)
MPRegen 0.09/turn               (no ring)

@: inhibited regen
A: claws 1, cold resistance 1, negative energy resistance 3, inhibited
regeneration, torment resistance 2
a: Renounce Religion, Draw Escape, Draw Destruction, Draw Summoning


You were on level 3 of the Dungeon.
You worshipped Nemelex Xobeh.
Nemelex Xobeh was aware of your devotion.
You visited 1 branch of the dungeon, and saw 3 of its levels.

You collected 86 gold pieces.

Inventory:

Hand Weapons
 a - a +0 long sword (weapon)
Armour
 b - a +0 scale mail (worn)
 c - a +0 buckler (worn)
Jewellery
 k - a ring of magical power
 n - a +6 ring of dexterity
Scrolls
 e - 2 scrolls of noise {unknown}
 f - 2 scrolls of blinking {unknown}
 g - a scroll of vulnerability {unknown}
 l - a scroll of identify {unknown}
 m - a scroll of teleportation {unknown}
 q - a scroll of brand weapon {unknown}
Potions
 d - 2 potions of might
 h - a potion of mutation {unknown}
 i - a potion of resistance {unknown}
 j - a potion of curing {unknown}
 o - a potion of brilliance {unknown}
 p - 2 potions of lignification {unknown}


   Skills:
 * Level 4.4 Fighting
 * Level 3.2 Long Blades
 + Level 3.1 Armour
 + Level 1.6 Dodging
 * Level 3.7 Shields


You had 5 spell levels left.
You didn't know any spells.
Your spell library was empty.

Dungeon Overview and Level Annotations

Branches:
Dungeon (3/15)

Altars:
Nemelex Xobeh
Ru
Uskayaw
Xom


Innate Abilities, Weirdness & Mutations

You thrive by killing the living.
You are immune to poison.
You have sharp fingernails.
Your flesh is cold resistant. (rC+)
You are immune to negative energy. (rN+++)
You do not regenerate when monsters are visible.
You are immune to unholy pain and torment.


Message History

The frilled lizard bites you but does no damage.
The frilled lizard bites you.
* * * LOW HITPOINT WARNING * * *
The frilled lizard closely misses you. The frilled lizard barely misses you.
The frilled lizard bites you.
* * * LOW HITPOINT WARNING * * *
The frilled lizard bites you.
* * * LOW HITPOINT WARNING * * *
The frilled lizard closely misses you. The frilled lizard closely misses you.
The frilled lizard barely misses you. The frilled lizard bites you.
* * * LOW HITPOINT WARNING * * *
The frilled lizard bites you but does no damage.
The frilled lizard closely misses you. The frilled lizard bites you.
* * * LOW HITPOINT WARNING * * *
The frilled lizard bites you but does no damage.
The frilled lizard barely misses you. You block the frilled lizard's attack.
The frilled lizard bites you but does no damage.
The frilled lizard bites you but does no damage.
The frilled lizard bites you but does no damage.
The frilled lizard bites you but does no damage.
You block the frilled lizard's attack. The frilled lizard closely misses you.
The frilled lizard bites you but does no damage.
The frilled lizard bites you.
* * * LOW HITPOINT WARNING * * *
The frilled lizard barely misses you.
The frilled lizard bites you but does no damage.
You block the frilled lizard's attack.
The frilled lizard bites you but does no damage.
The frilled lizard bites you but does no damage.
The frilled lizard bites you but does no damage.
The frilled lizard bites you but does no damage.
The frilled lizard bites you.
You die...
Your body disappears without a glow.

### ##.# ###### # .#..
...... #8##
...################
#_≈≈# ..................
#..≈≈##.................
#...≈≈#.................
8_....l@................
#...≈≈#.................
#..≈≈##.................
#_≈≈##....############.#
#8###..........#........
# #....>...............
......)......#.......#
...####.##....# #######
### #.....#.#


You could see a frilled lizard.

Vanquished Creatures
  A necrophage (D:3)
  An orc wizard (D:3)
  4 adders (D:3)
  A howler monkey skeleton (D:3)
  A dart slug (D:1)
  5 orcs (D:3)
  6 endoplasms
  3 giant cockroaches (D:2)
  4 goblins
  4 hobgoblins (D:3)
  3 jackals (D:1)
  5 quokkas
  7 ball pythons
  7 bats
  4 frilled lizards
  A kobold (D:1)
  7 rats
64 creatures vanquished.

Notes
Turn   | Place    | Note
-------+----------+-------------------------------------------
     0 | D:1      | HallandMoats the Ghoul Fighter began the quest for the Orb.
     0 | D:1      | Reached XP level 1. HP: 19/19 MP: 0/0
   139 | D:1      | Reached XP level 2. HP: 26/26 MP: 1/1
   865 | D:2      | Reached XP level 3. HP: 30/31 MP: 2/2
  1583 | D:3      | Reached skill level 1 in Dodging
  1583 | D:3      | Reached XP level 4. HP: 37/40 MP: 3/3
  1933 | D:3      | Noticed a necrophage
  1946 | D:3      | Killed a necrophage
  1947 | D:3      | Reached skill level 4 in Fighting
  1947 | D:3      | Reached XP level 5. HP: 24/46 MP: 4/4
  2454 | D:3      | Reached XP level 6. HP: 52/53 MP: 5/5
  2496 | D:3      | Found a faded altar of an unknown god.
  2506 | D:3      | Prayed at the altar of an unknown god.
  2506 | D:3      | Became a worshipper of Nemelex Xobeh the Trickster
  2506 | D:3      | Reached * piety under Nemelex Xobeh
  2506 | D:3      | Received a gift from Nemelex Xobeh
  2620 | D:3      | Found a hide-covered altar of Uskayaw.
  2621 | D:3      | Found a sacrificial altar of Ru.
  2622 | D:3      | Found a shimmering altar of Xom.
  2841 | D:3      | HP: 2/53 [frilled lizard (2)]
  2852 | D:3      | HP: 1/53 [frilled lizard (1)]
  2860 | D:3      | Slain by a frilled lizard

Illustrated notes

Levels and vault maps discovered:
D:1:      tarquinn_simple_flora_water_f, layout_basic, minmay_tree_intersection
D:2:      wander_river, layout_basic, minivault_23
D:3:      cheibrodos_greedy_goblins, layout_basic,
          gammafunk_temple_overflow_claw, hellmonk_ecumenical_altar_crossroads,
          minmay_fractal_squares_diagonal_5

Skill      XL: |  1  2  3  4 |
---------------+-------------+-----
Long Blades    | 2 3 |  3.2
Shields        | 3 |  3.7
Dodging        | 1 |  1.6
Fighting       | 4 |  4.4
Armour         | 3 |  3.1

Action                   |  1- 3 |  4- 6 || total
-------------------------+-------+-------++-------
Melee: Long sword        |   124 |    91 ||   215
Armor: Scale mail        |    70 |   151 ||   221
Dodge: Dodged            |    98 |   148 ||   246
Block: Buckler           |    29 |    58 ||    87

Table legend: (Time is in decaauts)
 A = Elapsed time spent in this place.
 B = Non-inter-level travel time spent in this place.
 C = Inter-level travel time spent in this place.
 D = Time resting spent in this place.
 E = Time spent auto-exploring this place.
 F = Levels seen in this place.
 G = Mean time per level.
                   A        B        C        D        E       F      G
               +--------+--------+--------+--------+--------+-----+--------+
         Total |   2936 |   2897 |     39 |    452 |   1710 |   3 |  978.7 |
       Dungeon |   2936 |   2897 |     39 |    452 |   1710 |   3 |  978.7 |
               +--------+--------+--------+--------+--------+-----+--------+

Top non-repeatable levels by time:
     D:3: 1344 daAuts
     D:1: 876 daAuts
     D:2: 715 daAuts
